 Dungeon Crawl Stone Soup version 0.30-a0-718-geaa24f58ff (webtiles) character file.

Game seed: 11008192844134834656

253764 MackTheKnife the Severer (level 20, -6/163 (174) HPs)
             Began as a Formicid Wanderer on Jan 25, 2023.
             Was an Elder of Jiyva.
             Mangled by an orc warlord
             ... wielding a +0 battleaxe
              (22 damage)
             ... on level 3 of the Vaults.
             The game lasted 00:54:21 (27974 turns).

MackTheKnife the Severer (Formicid Wanderer)       Turns: 27974, Time: 00:54:21

HP:   -6/163 (174)  AC: 38    Str: 33    XL:     20   Next: 52%
MP:   20/25         EV: 11    Int:  8    God:    Jiyva [****..]
Gold: 766           SH: 19    Dex: 14    Spells: 23/23 levels left

rFire   + . .      SeeInvis +    f - +1 battleaxe (freeze) {axe}
rCold   + + .      Faith    .    m - +1 kite shield {rC+ rF+}
rNeg    . . .      Spirit   .    R - +10 crystal plate armour of Weightlessness {rPois, rare=g}
rPois   +          Reflect  +    (helmet unavailable)
rElec   .          Harm     .    v - +2 cloak {rCorr}
rCorr   +          Rampage  .    w - +0 pair of gloves
Will    ++...      Clarity  +    q - +2 pair of boots Stlth
                                 c - amulet of reflection
HPRegen 1.75/turn                A - +4 ring of protection
MPRegen 0.59/turn                h - ring of poison resistance

@: slimy, marked, calling ooze, studying 2 skills, drained
A: permanent stasis, dig shafts and tunnels, antennae 3, four strong arms,
clarity, cold resistance 1, high MP 1, strong 2, wild magic 2, pseudopods 2,
jelly sensing items, jelly absorbing missiles, engulf
}: 2/15 runes: serpentine, slimy
a: Dig, Shaft Self, Renounce Religion, Oozemancy, Slimify


You were on level 3 of the Vaults.
You worshipped Jiyva.
Jiyva was greatly pleased with you.
You visited 7 branches of the dungeon, and saw 35 of its levels.
You also visited: Bailey and Ice Cave.

You collected 2464 gold pieces.
You spent 1698 gold pieces at shops.


Innate Abilities, Weirdness & Mutations

You cannot be hasted, slowed, berserked, paralysed or teleported.
You can dig through walls and to a lower floor.
You have a pair of large antennae on your head. (SInv)
Your four strong arms can wield two-handed weapons with a shield.
You possess an exceptional clarity of mind.
Your flesh is cold resistant. (rC+)
You have an increased reservoir of magic. (+10% MP)
Your muscles are very strong. (Str +8, Int/Dex -2)
Your spells are harder to cast, but more powerful.
Armour fits poorly on your large pseudopods.
You have a small jelly attached to you that senses nearby items.
You have a small jelly attached to you that may absorb projectiles.
Your melee attacks may engulf your foes in ooze.


   Skills:
 - Level 19.3 Fighting
 - Level 20.5 Axes
 + Level 13.9 Armour
 - Level 13.5 Dodging
 - Level 1.2 Stealth
 - Level 15.7 Shields
 - Level 2.1 Spellcasting
 - Level 2.1 Translocations
 - Level 1.0 Air Magic
 - Level 7.0 Evocations


You had 23 spell levels left.
You didn't know any spells.
Your spell library contained the following spells:

 Spells                   Type           Power      Damage    Failure   Level
 Apportation              Tloc           12%        N/A       99%         1
 Foxfire                  Conj/Fire      4%         2x1d4     100%        1
 Freeze                   Ice            4%         1d3       100%        1
 Necrotise                Necr           4%         1d4       100%        1
 Sandblast                Erth           2%         2d4       100%        1
 Shock                    Conj/Air       8%         1d3       100%        1
 Sting                    Tmut/Pois      4%         1d3       100%        1
 Summon Small Mammal      Summ           4%         N/A       100%        1
 Lesser Beckoning         Tloc           12%        N/A       100%        2
 Passwall                 Tmut/Erth      0%         N/A       100%        2
 Frozen Ramparts          Ice            2%         1d1       100%        3
 Gell's Gravitas          Tloc           6%         N/A       100%        3
 Hailstorm                Conj/Ice       1%         3d3       100%        3
 Ignite Poison            Fire/Tmut/Pois 1%         N/A       100%        3
 Inner Flame              Hex/Fire       1%         N/A       100%        3
 Kindle Blastsparks       Fire/Tloc/Air  8%         2d10      100%        3
 Portal Projectile        Hex/Tloc       8%         N/A       100%        3
 Stone Arrow              Conj/Erth      2%         3d7       100%        3
 Teleport Other           Tloc           6%         N/A       100%        3
 Tukima's Dance           Hex            1%         N/A       100%        3
 Vhi's Electric Charge    Tloc/Air       10%        N/A       100%        3
 Animate Armour           Summ/Erth      2%         N/A       100%        4
 Flame Wave               Conj/Fire      1%         2d4       100%        4
 Leda's Liquefaction      Hex/Erth       0%         N/A       100%        4
 Sticky Flame             Conj/Fire      1%         2d3       100%        4
 Blade Hands              Tmut           0%         N/A       100%        5
 Freezing Cloud           Conj/Ice/Air   1%         6-21      100%        5
 Lee's Rapid Deconstruct  Erth           0%         3d4*      100%        5
 Summon Mana Viper        Hex/Summ       1%         N/A       100%        5
 Conjure Ball Lightning   Conj/Air       1%         3x3d6     100%        6
 Dispersal                Tloc           3%         N/A       100%        6
 Statue Form              Tmut/Erth      0%         N/A       100%        6
 Discord                  Hex            0%         N/A       100%        8
 Disjunction              Tloc           3%         N/A       100%        8
 Lehudib's Crystal Spear  Conj/Erth      0%         10d2      100%        8

Inventory:

Hand Weapons
 f - a +1 battleaxe of freezing (weapon) {axe}
   (You found it in a bailey)
 P - a +4 quick blade of holy wrath {shortrare=g}
   (You took it off a spriggan defender on level 1 of the Depths)
 Q - a +2 quick blade of venom {shortrare=g}
   (You took it off a spriggan defender on level 1 of the Depths)
Armour
 d - a +0 hat of see invisible
   (You took it off Gastronok on level 9 of the Dungeon)
 m - a +1 kite shield of resistance (worn)
   (You took it off a naga warrior on level 4 of the Snake Pit)
 q - a +2 pair of boots (worn)
   (You found it on level 5 of the Dungeon)
 v - a +2 cloak of preservation (worn)
   (You bought it in a shop on level 2 of the Orcish Mines)
 w - a +0 pair of gloves (worn)
   (You found it on level 10 of the Dungeon)
 E - the +7 plate armour of Modesty {-Cast rPois rF+++ Str-2}
   (You found it on level 2 of the Lair of Beasts)

   Str:       It affects your strength (-2).
   rF:        It renders you almost immune to fire.
   rPois:     It protects you from poison.
   -Cast:     It prevents spellcasting.
 I - a +0 tower shield
   (You found it on level 2 of the Vaults)
 O - the +4 faerie dragon scales {Rampage Drain rN+ Will++ rCorr}
   (You took it off the Enchantress on level 1 of the Depths)

   rN:        It protects you from negative energy.
   rCorr:     It protects you from acid and corrosion.
   Drain:     It drains your maximum health when unequipped.
   Rampage:   It bestows one free step when moving towards enemies.
   Will:      It greatly increases your willpower.
 R - the +10 crystal plate armour of Weightlessness (worn) {rPois, rare=g}
   (You acquired it on level 2 of the Vaults)

   rPois:     It protects you from poison.
 T - a +1 crystal plate armour of cold resistance {rare=g}
   (You found it in an ice cave)
Jewellery
 c - an amulet of reflection (around neck)
   (You found it on level 8 of the Dungeon)
 h - a ring of poison resistance (right hand)
   (You found it on level 1 of the Dungeon)
 t - a ring of ice
   (You found it on level 6 of the Dungeon)
 y - a ring of protection from cold
   (You found it on level 1 of the Lair of Beasts)
 A - a +4 ring of protection (left hand)
   (You bought it in a shop on level 1 of the Orcish Mines)
 B - a ring of protection from fire
   (You found it on level 12 of the Dungeon)
 G - a ring of fire
   (You found it on level 3 of the Lair of Beasts)
 V - a +6 ring of intelligence
   (You found it on level 3 of the Snake Pit)
Wands
 b - a wand of polymorph (10)
 e - a wand of quicksilver (2)
   (You found it on level 5 of the Lair of Beasts)
 l - a wand of iceblast (6)
   (You found it on level 1 of the Snake Pit)
 L - a wand of flame (11)
   (You found it on level 14 of the Dungeon)
 N - a wand of mindburst (6)
   (You found it on level 1 of the Depths)
 S - a wand of charming (14)
   (You found it on level 2 of the Snake Pit)
Scrolls
 a - 2 scrolls of enchant weapon
 k - 2 scrolls of brand weapon
 r - 2 scrolls of silence {!r}
 D - 6 scrolls of magic mapping {!r}
 J - a scroll of identify {@r1}
 K - 2 scrolls of immolation {!r!r}
 U - a scroll of fog
 W - a scroll of poison
 Y - 2 scrolls of fear
Potions
 g - 9 potions of curing {@q1}
 i - 3 potions of lignification {!q}
 j - a potion of cancellation
 n - 2 potions of invisibility
 o - 3 potions of brilliance
 p - 2 potions of mutation {!q}
 s - 2 potions of resistance
 u - 3 potions of flight
 z - a potion of magic
 C - a potion of attraction {!q}
 F - 4 potions of ambrosia
 H - 3 potions of might
Miscellaneous
 x - a phantom mirror
   (You found it in a bailey)
 M - a tin of tremorstones (2/2) {throwing}
   (You found it on level 14 of the Dungeon)

Dungeon Overview and Level Annotations

Branches:
Dungeon (15/15) Zot: 25885  Temple (0/1) D:7            Lair (5/5) D:10 Zot: 25174
  Swamp (0/4) Lair:3        Snake (4/4) Lair:2 Zot: 19435   Slime (5/5) Lair:4 Zot: 26800
    Orc (2/2) D:11 Zot: 10299     Elf (0/3) Orc:2        Vaults (3/5) D:13 Zot: 15231
  Crypt (0/3) Vaults:3     Depths (1/4) D:15 Zot: 5866  Bailey (visited)
  IceCv (visited)

Altars:
Cheibriados
Elyvilon
Fedhas
Hepliaklqana
Kikubaaqudgha
Makhleb
Ru
Vehumet
Wu Jian
Yredelemnul
Jiyva
Lugonu

Shops:
Orc:1 *   Orc:2 [[([   Snake:3 =:*   Snake:4 :=

Portals:
Abyss: Orc:1 Lair:5 Vaults:2
Trove: Vaults:2 (give +4 demon whip)

Annotations:
D:12 3 runed translucent doors, RatherSlowDeath's ghost, journeyman GrEE
Lair:3 exclusion: ice statue
Snake:4 Roxanne
Slime:5 Royal Jelly
Vaults:2 2 transporters, Fypuno Aqar's ghost, adept DEFE

∆ #......# ∆ #......#
{ ∆ #......# {{ ∆
#......# # ∆ #......#
.# #......# ..
##'###### ########T#
#......# #....)o..#
#......# #...)@#{.#
#......# #.###[# .#
#......# #.....#..#
#......# #..#..)..#
#......# #..#.#.#.#
#......# #..#.....#
####J######..)..#..#
#.........#.#.#..#
####.......#.....#..#


You could see an orc warlord (strong) and a deep troll.


Message History

😮 HP[+2]
You regained 2 hp, and now have 119/161 hp.
The yaktaur captain hits you. 😮 HP[-2]
You take 2 damage, and now have 117/161 hp.
You slice the yaktaur captain!! You freeze the yaktaur captain!
You kill the yaktaur captain!
The ironbound frostheart calls freezing cold from the walls.
The frost grips you. You resist.
You are encased in ice.
The orc knight hits you from afar with a +0 glaive!! 😨 HP[-36]
You now have 162 max hp (+1).
You take 36 damage, and now have 81/162 hp.
MASSIVE DAMAGE!! (PAUSE)
You block the orc knight's attack. x2
The ironbound frostheart calls freezing cold from the walls.
The frost grips you but does no damage.
Activating: Oozemancy (1% risk of failure)
Press: ? - help, Dir - look around, f - activate Slime begins to ooze from the nearby walls!
You will no longer expel jellies when injured.
The walls burn the orc knight! x3; The walls burn the orc warlord!
The walls burn the ironbound frostheart!
The ironbound frostheart calls freezing cold from the walls.
The frost grips you. You resist.
The frost grips the jelly!!
The jelly dies! 😮 HP[+2] MP[-2]
You regained 2 hp, and now have 83/162 hp.
You lost 2 mp, and now have 23/25 mp.
Unknown command.
You cut the orc knight into ribbons!!! You freeze the orc knight!
You engulf the orc knight in ooze!
You bludgeon the orc knight, but do no damage.
You hit the orc knight. You freeze the orc knight.
You completely miss the orc knight. You barely miss the orc warlord.
The ice encasing you melts away.
The orc knight is asphyxiated!
The walls burn the ironbound frostheart!
The walls burn the orc knight!
The orc knight hits you with a +3 battleaxe!!
* * * LOW HITPOINT WARNING * * *
The walls burn the orc knight!
You block the orc knight's attack.
The walls burn the orc knight!
You kill the orc knight!
The walls burn the orc warlord!
The orc warlord hits you with a +0 battleaxe.
* * * LOW HITPOINT WARNING * * *
The walls burn the vault guard! 😨 HP[-30]
You take 30 damage, and now have 53/162 hp.
You slice the orc knight!! You freeze the orc knight!
You engulf the orc knight in ooze!
You bludgeon the orc knight, but do no damage.
You closely miss the orc knight. You slash the orc warlord!
You freeze the orc warlord.
The walls burn the ironbound frostheart!
The walls burn the orc knight!
You block the orc knight's attack.
The walls burn the orc warlord!
The orc warlord hits you but does no damage.
The walls burn the orc knight!
The orc knight barely misses you. 😨 HP[+1] Unknown command.
You barely miss the orc warlord. You hit the orc knight.
You freeze the orc knight. You hit the orc knight. You freeze the orc knight.
You engulf the orc knight in ooze!
You closely miss the ironbound frostheart.
The orc knight is asphyxiated!
You kill the orc knight!
The orc knight is asphyxiated! 😨 HP[+2] MP[+1]
You now have 163 max hp (+1).
You regained 2 hp, and now have 56/163 hp.
Unknown command.
A thick mucus forms on your +1 battleaxe of freezing {axe}.
The orc knight is asphyxiated!
The walls burn the ironbound frostheart!
The ironbound frostheart touches you!
* * * LOW HITPOINT WARNING * * *
The ironbound frostheart freezes you! You resist.
* * * LOW HITPOINT WARNING * * *
The walls burn the orc knight!
The orc knight hits you with a +3 battleaxe!!
* * * LOW HITPOINT WARNING * * *
The walls burn the orc warlord!
The orc warlord barely misses you.
The walls burn the vault guard!
A deep troll comes into view. 😱 HP[-42] MP[-5]
You take 42 damage, and now have 14/163 hp.
MASSIVE DAMAGE!! (PAUSE)
You lost 5 mp, and now have 19/25 mp.
Okay, then.
You closely miss the orc warlord. You hit the orc knight.
You freeze the orc knight.
You kill the orc knight!
You slice the ironbound frostheart!! You freeze the ironbound frostheart.
You kill the ironbound frostheart!
The walls burn the orc warlord!
The orc warlord hits you with a +0 battleaxe!!
You die...

Skill      XL: |  1  2  3  4  5  6  7  8  9 10 11 12 13 14 15 16 17 18 19 20 |
---------------+-------------------------------------------------------------+-----
Axes           | 1 2 3 7 12 15 17 18 19 20 | 20.5
Shields        | 5 8 9 13 15 | 15.7
Armour         | 2 3 5 8 9 11 13 | 13.9
Fighting       | 3 4 5 7 9 11 12 13 14 18 19 | 19.3
Evocations     | 3 7 |  7.0
Dodging        | 6 12 13 | 13.5
Translocations | 2 |  2.1
Stealth        | |  1.2
Spellcasting   | |  2.1
Air Magic      | |  1.0

Action                     |  1- 3 |  4- 6 |  7- 9 | 10-12 | 13-15 | 16-18 | 19-21 || total
---------------------------+-------+-------+-------+-------+-------+-------+-------++-------
  Melee: Hand axe          |    99 |    56 |       |       |       |       |       ||   155
         Dagger            |       |    52 |   326 |   416 |       |       |       ||   794
         Pseudopods        |       |       |    70 |   124 |   244 |   288 |   135 ||   861
         Battleaxe         |       |       |       |    85 |   960 |   961 |   422 ||  2428
         Kick              |       |       |       |       |    26 |    18 |       ||    44
 Invoke: Oozemancy         |       |       |       |    12 |     4 |    11 |     3 ||    30
         Slimify           |       |       |       |     1 |     3 |     2 |     3 ||     9
Ability: Dig               |       |       |       |       |     1 |       |       ||     1
  Evoke: Wand              |       |     1 |       |     3 |    13 |     1 |       ||    18
         Phantom mirror    |       |       |       |     1 |     4 |     1 |       ||     6
         Tin of tremorston |       |       |       |       |       |     3 |       ||     3
    Use: Scroll            |     1 |       |     4 |     3 |    11 |     8 |     7 ||    34
         Potion            |     1 |       |       |     2 |       |     4 |     1 ||     8
   Stab: Sleeping          |     4 |       |       |     2 |       |     4 |     2 ||    12
         Distracted        |       |       |       |     1 |     2 |     4 |     1 ||     8
 Armour: Leather armour    |    10 |       |       |       |       |       |       ||    10
         Scale mail        |       |    55 |    83 |    51 |       |       |       ||   189
         Ring mail         |       |       |       |    62 |       |       |       ||    62
         Plate armour      |       |       |       |    18 |   358 |    37 |       ||   413
         Acid dragon scale |       |       |       |       |       |   153 |    67 ||   220
         Crystal plate arm |       |       |       |       |       |       |    21 ||    21
  Dodge: Dodged            |    47 |    56 |   134 |   161 |   143 |   326 |   153 ||  1020
  Block: Buckler           |    52 |    60 |   160 |   433 |   171 |       |       ||   876
         Reflection        |       |       |       |     6 |    26 |    59 |    34 ||   125
         Kite shield       |       |       |       |       |   627 |   811 |   370 ||  1808

Levels and vault maps discovered:
D:1:      minmay_arrival_semitransparent, layout_loops_ring,
          ebering_ecumenical_altar_sacrificial
D:2:      layout_loops_corners, minmay_octomino_c4
D:3:      layout_loops_ring, mainiacjoe_overflow_cross_hatched,
          kiku_gazebo_pond_becter, makhleb_altar_promises_db, serial_glass,
          glass_columns_b, glass_columns_a, minmay_gold_behind_fungi,
          minivault_24, uniq_ijyb
D:4:      layout_basic, serial_glass, glass_columns_a, glass_columns_c,
          glass_columns_c, glass_columns_b, glass_columns_a, glass_columns_a,
          glass_columns_b, glass_columns_b, glass_columns_a, glass_columns_a,
          glass_columns_a, glass_columns_a, glass_columns_a, glass_columns_a,
          feat_on_display, feat_on_display, minmay_strange_pillars
D:5:      layout_cave_pods, nicolae_vehumet_altar_sigil
D:6:      layout_rooms
D:7:      layout_cave_pools, minmay_temple_entry_glass, grunt_ministairs_6
D:8:      layout_layer_cave
D:9:      layout_roguey, chequers_temple_overflow_statue_of_worship,
          corexii_checkpoint_a, minmay_librarian, uniq_gastronok
D:10:     layout_irregular_city, david_lair_shrubbed, enter_bailey_2,
          minivault_25, grunt_potential, uniq_harold
D:11:     layout_cave_pools, david_orc_5
D:12:     layout_basic, ebering_ghost_rock_garden, uniq_jorgrun
D:13:     layout_loops_corners, ximxim_vaults_locker_room
D:14:     layout_basic, nicolae_hepliaklqana_hippocampus
D:15:     gammafunk_enter_depths_forms, layout_irregular_city
Lair:1:   layout_gridlike, grunt_forest_small_clearings, dreamdust_wasp_nest
Lair:2:   regret_index_bee_streams, layout_big_grid, dummy_snake_entry,
          infiniplex_staircase_pool_2, grunt_megastairs_4
Lair:3:   layout_long_grid, skrybe_swamp_entry_bodies, gammafunk_ghost_icy,
          ice2_lemuel, lemuel_fruit_fields, infiniplex_staircase_pool
Lair:4:   layout_gridlike, slime_entry_1, serial_rivers,
          chequers_serial_rivers_micro_b, chequers_serial_rivers_marsh,
          chequers_serial_rivers_room_b, chequers_serial_rivers_marsh,
          basic_altar, st_stairs_4
Lair:5:   hellmonk_lair_end_abyssal_woods, layout_long_grid
Snake:1:  layout_chambers
Snake:2:  layout_chambers, basic_altar, special_room, nicolae_triple_integral,
          grunt_megastairs_5
Snake:3:  layout_misc_corridors, portal_ice_cave_entry_ice_statue_two,
          minmay_shop_star, uniq_kirke
Snake:4:  snake_pit_salamanders_mu, layout_misc_corridors, serial_bayou_shore_b,
          serial_bayou_shore_b, minmay_shop_grove, uniq_roxanne
Slime:1:  layout_caves
Slime:2:  layout_caves
Slime:3:  layout_caves
Slime:4:  layout_caves
Slime:5
Orc:1:    layout_diamond_mine, serial_shops, nicolae_shop_stone,
          amcnicky_altar_lugonu_corruption
Orc:2:    grunt_orc_community_town_hall, layout_caves,
          grunt_orc_community_big_house_2, grunt_orc_community_big_house_1,
          grunt_orc_community_house_1, grunt_orc_community_house_3,
          grunt_orc_community_house_2, grunt_orc_community_house_1, uniq_rupert
Vaults:1: vaults_standard_mumra_enter_the_diamond, v_pattern_1, v_misc_26,
          v_misc_1, serial_ice_m, v_misc_30, grunt_vaults_diagonal, v_misc_3,
          nicolae_vaults_statue_guard, ontoclasm_vaults_gateway,
          layout_vaults_big_room
Vaults:2: gammafunk_ghost_abyssal_escape, nicolae_vaults_puzzle_piece,
          v_alt_pattern_5, grunt_vaults_swirl, v_alt_pattern_4, v_rooms_3,
          vaults_room_pools, v_alt_pattern_3, nicolae_vaults_network_square,
          v_alt_pattern_4, vaults_mumra_minichess, st_octagons_1,
          layout_vaults_omnibox, nicolae_trove_entry_path_of_doom, uniq_margery
Vaults:3: minmay_crypt_entry_necro_gods, grunt_vaults_bifocal,
          vaults_room_octagon, ontoclasm_vaults_ring_small,
          nicolae_vaults_meeting, hangedman_vaults_restitches, v_misc_26,
          vaults_dpeg_emergency_exit, nicolae_vaults_diagonal_hallway_7,
          v_misc_11, nicolae_vaults_big_angled_halls,
          ontoclasm_vaults_decontamination, hangedman_vaults_slice,
          grunt_vaults_funnel, grunt_vaults_twisty, layout_vaults_maze_bifur
Depths:1: layout_gridlike, enter_ziggurat_a, hellmouth_2,
          nicolae_dithmenos_through_a_glass_darkly, fedhas_altar_2,
          uniq_saint_roka, uniq_enchantress

Notes
Turn   | Place    | Note
-------+----------+-------------------------------------------
     0 | D:1      | MackTheKnife the Formicid Wanderer began the quest for the
                  | Orb.
     0 | D:1      | MackTheKnife set off with the following items: a +0 club
                  | {mace}, a wand of polymorph (5), a scroll of fear, a +0
                  | leather armour, a +2 buckler; and the following spell
                  | memorised: Shock; and the following spells available to
                  | memorise: Kindle Blastsparks.
     0 | D:1      | Reached XP level 1. HP: 16/16 MP: 3/3
     0 | D:1      | magus.rc [v1.9.6]
    63 | D:1      | HP: 2/16 [frozen (3)]
    68 | D:1      | Gained mutation: You have sharp fingernails. [potion of
                  | mutation]
    68 | D:1      | Gained mutation: Your flesh is cold resistant. (rC+)
                  | [potion of mutation]
    68 | D:1      | Gained mutation: You expend magic power (3 MP) to
                  | strengthen your wands. [potion of mutation]
    68 | D:1      | Gained mutation: You are agile. (Dex +4, Str/Int -1)
                  | [potion of mutation]
    68 | D:1      | HP: 1/16 [frozen (1)]
   148 | D:1      | Reached XP level 2. HP: 18/22 MP: 5/5
   154 | D:1      | Reached skill level 1 in Axes
   377 | D:1      | Found a faded altar of an unknown god.
   393 | D:1      | Prayed at the altar of an unknown god.
   393 | D:1      | Became a worshipper of Jiyva Jicwat the Shapeless
   393 | D:1      | Reached * piety under Jiyva
   599 | D:1      | Reached XP level 3. HP: 24/27 MP: 6/6
   852 | D:2      | You pick up a book of Geomancy and begin reading...
   852 | D:2      | You add the spells Sandblast, Passwall and Stone Arrow to
                  | your library.
   902 | D:2      | Reached skill level 2 in Axes
   902 | D:2      | Reached skill level 5 in Shields
  1152 | D:2      | Reached ** piety under Jiyva
  1700 | D:3      | Found an ancient bone altar of Kikubaaqudgha.
  1752 | D:3      | Noticed Ijyb
  1854 | D:3      | Found a snail-covered altar of Cheibriados.
  1855 | D:3      | Reached *** piety under Jiyva
  1929 | D:3      | Reached XP level 4. HP: 33/33 MP: 7/7
  2003 | D:3      | Ijyb changed into Ijyb the adder
  2003 | D:3      | Noticed Ijyb
  2016 | D:3      | Killed Ijyb the adder
  2103 | D:3      | Lost mutation: You expend magic power (3 MP) to strengthen
                  | your wands. [Jiyva's grace]
  2103 | D:3      | Gained mutation: You are covered in slimy tendrils that may
                  | disarm your opponents. [Jiyva's grace]
  2103 | D:3      | Gained mutation: You are somewhat resistant to further
                  | mutation. [Jiyva's grace]
  2103 | D:3      | Gained mutation: You are somewhat resistant to both further
                  | mutation and mutation removal. [Jiyva's grace]
  2103 | D:3      | Gained mutation: You are almost entirely resistant to
                  | further mutation and mutation removal. [Jiyva's grace]
  2183 | D:3      | Found a burning altar of Makhleb.
  2185 | D:3      | Noticed a balrug
  2501 | D:4      | Noticed a necrophage
  2511 | D:4      | Reached XP level 5. HP: 38/39 MP: 8/8
  2528 | D:4      | Reached skill level 1 in Armour
  2529 | D:4      | Reached skill level 3 in Fighting
  2529 | D:4      | Reached skill level 3 in Axes
  2549 | D:4      | Noticed a black bear
  2566 | D:4      | Killed a black bear
  2567 | D:4      | Reached skill level 2 in Armour
  2567 | D:4      | Reached XP level 6. HP: 47/47 MP: 9/9
  2701 | D:4      | Noticed a black bear
  2717 | D:4      | Killed a black bear
  2718 | D:4      | Reached skill level 4 in Fighting
  2718 | D:4      | Reached skill level 3 in Armour
  2731 | D:4      | Reached **** piety under Jiyva
  2841 | D:4      | Reached XP level 7. HP: 54/54 MP: 10/10
  3059 | D:4      | Reached skill level 4 in Armour
  3310 | D:4      | Reached skill level 5 in Fighting
  3526 | D:5      | Entered Level 5 of the Dungeon
  3572 | D:5      | Lost mutation: You are almost entirely resistant to further
                  | mutation and mutation removal. [Jiyva's grace]
  3572 | D:5      | Gained mutation: Armour fits poorly on your pseudopods.
                  | [Jiyva's grace]
  3572 | D:5      | Gained mutation: Armour fits poorly on your large
                  | pseudopods. [Jiyva's grace]
  3572 | D:5      | Gained mutation: Armour fits poorly on your massive
                  | pseudopods. [Jiyva's grace]
  3572 | D:5      | Gained mutation: You expend magic power (3 MP) to
                  | strengthen your wands. [Jiyva's grace]
  3723 | D:5      | Reached ***** piety under Jiyva
  3779 | D:5      | Reached skill level 5 in Armour
  3779 | D:5      | Reached XP level 8. HP: 63/63 MP: 11/11
  3946 | D:5      | Found a radiant altar of Vehumet.
  3998 | D:5      | Reached skill level 6 in Fighting
  4510 | D:6      | Reached skill level 2 in Evocations
  4557 | D:6      | Reached skill level 7 in Fighting
  4924 | D:7      | Lost mutation: Armour fits poorly on your massive
                  | pseudopods. [Jiyva's grace]
  4924 | D:7      | Gained mutation: You are very agile. (Dex +8, Str/Int -2)
                  | [Jiyva's grace]
  4924 | D:7      | Gained mutation: You possess an exceptional clarity of
                  | mind. [Jiyva's grace]
  4924 | D:7      | Gained mutation: You have a small jelly attached to you
                  | that may absorb projectiles. [Jiyva's grace]
  4924 | D:7      | Gained mutation: Your melee attacks may engulf your foes in
                  | ooze. [Jiyva's grace]
  4940 | D:7      | Reached skill level 3 in Evocations
  4943 | D:7      | Reached XP level 9. HP: 72/72 MP: 12/12
  4999 | D:7      | Reached skill level 4 in Evocations
  5015 | D:7      | Found a staircase to the Ecumenical Temple.
  5034 | D:7      | Reached ****** piety under Jiyva
  5058 | D:7      | Reached skill level 8 in Fighting
  5059 | D:7      | Reached skill level 5 in Evocations
  5458 | D:8      | You add the spells Gell's Gravitas, Teleport Other and
                  | Dispersal to your library.
  5508 | D:8      | Noticed a hornet
  5523 | D:8      | Killed a hornet
  5576 | D:8      | Reached skill level 6 in Evocations
  5594 | D:8      | Reached skill level 9 in Fighting
  5625 | D:8      | HP: 16/77 [yak (8)]
  5630 | D:8      | HP: 13/77 [yak (3)]
  5634 | D:8      | Reached skill level 7 in Evocations
  5634 | D:8      | Reached XP level 10. HP: 11/84 MP: 13/13
  6111 | D:8      | Reached skill level 10 in Fighting
  6128 | D:8      | Lost mutation: You have sharp fingernails. [Jiyva's grace]
  6128 | D:8      | Lost mutation: Your flesh is cold resistant. (rC+) [Jiyva's
                  | grace]
  6128 | D:8      | Lost mutation: You have a small jelly attached to you that
                  | may absorb projectiles. [Jiyva's grace]
  6128 | D:8      | Gained mutation: You are almost entirely resistant to
                  | further mutation and mutation removal. [Jiyva's grace]
  6128 | D:8      | Gained mutation: You have a small jelly attached to you
                  | that senses nearby items. [Jiyva's grace]
  6128 | D:8      | Gained mutation: Armour fits poorly on your massive
                  | pseudopods. [Jiyva's grace]
  6128 | D:8      | Gained mutation: You are covered in fur. (AC +1) [Jiyva's
                  | grace]
  6260 | D:8      | Reached skill level 6 in Armour
  6473 | D:9      | Reached skill level 6 in Shields
  6477 | D:9      | Reached skill level 7 in Armour
  6479 | D:9      | Reached skill level 7 in Shields
  6586 | D:9      | Reached skill level 11 in Fighting
  6791 | D:9      | Reached skill level 8 in Shields
  6794 | D:9      | Found a blossoming altar of Fedhas.
  6794 | D:9      | Found an ornate altar of the Wu Jian Council.
  6794 | D:9      | Found a sacrificial altar of Ru.
  6974 | D:9      | Reached skill level 8 in Armour
  6974 | D:9      | Reached XP level 11. HP: 92/93 MP: 14/14
  6988 | D:9      | Noticed Gastronok
  6998 | D:9      | Killed Gastronok
  6999 | D:9      | Reached skill level 9 in Shields
  7055 | D:9      | Noticed a necromancer
  7064 | D:9      | Killed a necromancer
  7235 | D:10     | Entered Level 10 of the Dungeon
  7249 | D:10     | Found a flagged portal.
  7257 | D:10     | You pick up a book of Frost and begin reading...
  7257 | D:10     | You add the spells Freeze, Frozen Ramparts and Hailstorm to
                  | your library.
  7260 | Bailey   | Entered a bailey
  7364 | Bailey   | Reached skill level 9 in Armour
  7376 | Bailey   | Reached skill level 12 in Fighting
  7488 | Bailey   | You pick up a book of the Earth and begin reading...
  7488 | Bailey   | You add the spells Leda's Liquefaction, Lee's Rapid
                  | Deconstruction and Statue Form to your library.
  7612 | D:10     | Reached skill level 4 in Axes
  7696 | D:10     | Reached skill level 5 in Axes
  7729 | D:10     | Noticed a two-headed ogre
  7746 | D:10     | Killed a two-headed ogre
  7839 | D:10     | Reached skill level 6 in Axes
  7949 | D:10     | Noticed a seven-headed hydra
  7953 | D:10     | HP: 23/95 [seven-headed hydra (13)]
  7956 | D:10     | Reached skill level 7 in Axes
  7958 | D:10     | Slimified a seven-headed hydra
  7958 | D:10     | a seven-headed hydra changed into an acid blob
  7958 | D:10     | Noticed an acid blob
  7958 | D:10     | HP: 11/95 [acid (1)]
  7960 | D:10     | Reached XP level 12. HP: 15/102 MP: 5/15
  7968 | D:10     | Noticed Harold
  7979 | D:10     | Killed Harold
  7980 | D:10     | Reached skill level 8 in Axes
  8034 | D:10     | Identified the +4 ring mail of the Camelopard {+Inv rN++
                  | Int+3}
  8120 | D:10     | Noticed a two-headed ogre
  8130 | D:10     | Killed a two-headed ogre
  8278 | D:10     | Found a staircase to the Lair.
  8296 | Lair:1   | Entered Level 1 of the Lair of Beasts
  8296 | Lair:1   | Noticed a death yak
  8296 | Lair:1   | Noticed a death yak
  8325 | Lair:1   | Killed a death yak
  8326 | Lair:1   | Reached skill level 9 in Axes
  8327 | Lair:1   | Killed a death yak
  8415 | Lair:1   | Reached skill level 10 in Axes
  8994 | Lair:1   | Reached skill level 11 in Axes
  9162 | Lair:2   | Lost mutation: You are almost entirely resistant to further
                  | mutation and mutation removal. [Jiyva's grace]
  9162 | Lair:2   | Gained mutation: Your flesh is cold resistant. (rC+)
                  | [Jiyva's grace]
  9162 | Lair:2   | Gained mutation: Your flesh is very cold resistant. (rC++)
                  | [Jiyva's grace]
  9162 | Lair:2   | Gained mutation: Your flesh is almost immune to the effects
                  | of cold. (rC+++) [Jiyva's grace]
  9162 | Lair:2   | Gained mutation: You are resistant to electric shocks.
                  | (rElec) [Jiyva's grace]
  9215 | Lair:2   | Identified the +7 plate armour of Modesty {-Cast rPois
                  | rF+++ Str-2}
  9251 | Lair:2   | You pick up a book of Cantrips and begin reading...
  9251 | Lair:2   | You add the spells Necrotise, Summon Small Mammal and
                  | Apportation to your library.
  9312 | Lair:2   | Reached skill level 12 in Axes
  9323 | Lair:2   | Reached XP level 13. HP: 108/108 MP: 13/16
  9344 | Lair:2   | Reached skill level 13 in Axes
  9695 | Lair:2   | Noticed a five-headed hydra
  9702 | Lair:2   | Killed an eight-headed hydra
  9769 | Lair:2   | Found a staircase to the Snake Pit.
 10096 | Lair:3   | Noticed Athor's ghost (journeyman FoHu)
 10154 | Lair:3   | You pick up a book of Weapons and begin reading...
 10154 | Lair:3   | You add the spells Tukima's Dance, Portal Projectile and
                  | Blade Hands to your library.
 10195 | Lair:3   | Reached skill level 14 in Axes
 10232 | Lair:3   | Noticed a six-headed hydra
 10236 | Lair:3   | Killed a six-headed hydra
 10323 | Lair:3   | Reached skill level 15 in Axes
 10417 | Lair:3   | Found a staircase to the Swamp.
 10526 | Lair:3   | Found a runed translucent gate.
 10526 | Lair:3   | Found a runed translucent gate.
 10526 | Lair:3   | Found a runed translucent gate.
 10588 | Lair:3   | Killed Athor's ghost
 10917 | Lair:3   | Reached XP level 14. HP: 115/115 MP: 17/17
 11035 | Lair:4   | Found a white marble altar of Elyvilon.
 11065 | Lair:4   | Lost mutation: You are very agile. (Dex +8, Str/Int -2)
                  | [Jiyva's grace]
 11065 | Lair:4   | Lost mutation: You possess an exceptional clarity of mind.
                  | [Jiyva's grace]
 11065 | Lair:4   | Lost mutation: Your flesh is almost immune to the effects
                  | of cold. (rC+++) [Jiyva's grace]
 11065 | Lair:4   | Lost mutation: Armour fits poorly on your massive
                  | pseudopods. [Jiyva's grace]
 11065 | Lair:4   | Lost mutation: You are covered in slimy tendrils that may
                  | disarm your opponents. [Jiyva's grace]
 11065 | Lair:4   | Lost mutation: You have a small jelly attached to you that
                  | senses nearby items. [Jiyva's grace]
 11065 | Lair:4   | Gained mutation: Your mind is acute. (Int +4, Str/Dex -1)
                  | [Jiyva's grace]
 11065 | Lair:4   | Gained mutation: Your mind is very acute. (Int +8, Str/Dex
                  | -2) [Jiyva's grace]
 11065 | Lair:4   | Gained mutation: Your translucent skin slightly reduces
                  | your foes' accuracy. (Stealth+) [Jiyva's grace]
 11065 | Lair:4   | Gained mutation: Your translucent skin reduces your foes'
                  | accuracy. (Stealth+) [Jiyva's grace]
 11166 | Lair:4   | Found a staircase to the Slime Pits.
 11205 | Slime:1  | Entered Level 1 of the Pits of Slime
 11212 | Slime:1  | Noticed an azure jelly
 11219 | Slime:1  | Noticed an acid blob
 11219 | Slime:1  | Noticed an azure jelly
 11219 | Slime:1  | Noticed an azure jelly
 11220 | Slime:1  | Noticed an azure jelly
 11230 | Slime:2  | Noticed an acid blob
 11258 | Slime:4  | Noticed an acid blob
 11259 | Slime:4  | Noticed a quicksilver ooze
 11263 | Slime:5  | Entered Level 5 of the Pits of Slime
 11273 | Slime:5  | Noticed an acid blob
 11278 | Slime:5  | Found a viscous altar of Jiyva.
 11278 | Slime:5  | Noticed an acid blob
 11279 | Slime:5  | Noticed the Royal Jelly
 11279 | Slime:5  | Noticed a rockslime
 11280 | Slime:5  | Noticed an acid blob
 11280 | Slime:5  | Noticed a quicksilver ooze
 11281 | Slime:5  | Noticed an acid blob
 11281 | Slime:5  | Noticed an acid blob
 11285 | Slime:5  | Got a slimy rune of Zot
 11285 | Slime:5  | Noticed an acid blob
 11286 | Slime:5  | Identified the +5 chain mail "Cayvomar" {rC+ Int+4 Stlth+}
 11288 | Slime:5  | Noticed an acid blob
 11289 | Slime:5  | Noticed a rockslime
 11291 | Slime:5  | Noticed an azure jelly
 11298 | Slime:5  | You add the spells Foxfire and Sting to your library.
 11298 | Slime:5  | Got Othod's Tutorial on Hermeneutics
 11300 | Slime:5  | You add the spells Vhi's Electric Charge and Summon Mana
                  | Viper to your library.
 11300 | Slime:5  | Got Sif Muna's Atlas of Clouds and the Curse
 11309 | Slime:5  | Identified the +0 kite shield of Anarchy {Contam +Inv
                  | Dex+2}
 11311 | Slime:5  | Identified the +3 ring mail of the Eternal Fruit {rN++
                  | Str+2 Dex-5 Slay+2}
 11313 | Slime:5  | Identified the +5 halberd "Widowmaker" {pain, Int+4}
 11397 | Slime:5  | Noticed an acid blob
 11450 | Slime:1  | Noticed an azure jelly
 11450 | Slime:1  | Noticed an acid blob
 11452 | Slime:1  | Noticed a rockslime
 11480 | Lair:4   | Reached skill level 16 in Axes
 11723 | Lair:4   | Reached skill level 10 in Shields
 12086 | Lair:5   | Entered Level 5 of the Lair of Beasts
 12101 | Lair:5   | Reached skill level 11 in Shields
 12245 | Lair:5   | HP: 28/115 [death yak (14)]
 12246 | Lair:5   | Reached skill level 12 in Shields
 12475 | Lair:5   | Reached skill level 17 in Axes
 12639 | Lair:5   | Reached skill level 13 in Shields
 12688 | Lair:5   | You add the spells Ignite Poison and Freezing Cloud to your
                  | library.
 12784 | Lair:5   | Lost mutation: You are agile. (Dex +4, Str/Int -1) [Jiyva's
                  | grace]
 12784 | Lair:5   | Lost mutation: You are somewhat resistant to both further
                  | mutation and mutation removal. [Jiyva's grace]
 12784 | Lair:5   | Lost mutation: You are covered in fur. (AC +1) [Jiyva's
                  | grace]
 12784 | Lair:5   | Lost mutation: Your translucent skin reduces your foes'
                  | accuracy. (Stealth+) [Jiyva's grace]
 12784 | Lair:5   | Gained mutation: You passively map a small area around you.
                  | [Jiyva's grace]
 12784 | Lair:5   | Gained mutation: You passively map the area around you.
                  | [Jiyva's grace]
 12784 | Lair:5   | Gained mutation: You passively map a large area around you.
                  | [Jiyva's grace]
 12784 | Lair:5   | Gained mutation: Your flesh is heat resistant. (rF+)
                  | [Jiyva's grace]
 12867 | Lair:5   | Reached XP level 15. HP: 106/120 MP: 18/18
 12935 | Lair:5   | Found a corrupted altar of Lugonu.
 12935 | Lair:5   | Found a one-way gate to the infinite horrors of the Abyss.
 13206 | Snake:1  | Entered Level 1 of the Snake Pit
 13496 | D:11     | Reached skill level 14 in Shields
 13790 | D:11     | Found a staircase to the Orcish Mines.
 14083 | Orc:1    | Entered Level 1 of the Orcish Mines
 14106 | Orc:1    | Found a corrupted altar of Lugonu.
 14324 | Orc:1    | Found Seypsog's General Store.
 14500 | Orc:2    | Entered Level 2 of the Orcish Mines
 14500 | Orc:2    | Noticed an orc warlord
 14500 | Orc:2    | Lost mutation: Your flesh is very cold resistant. (rC++)
                  | [Jiyva's grace]
 14500 | Orc:2    | Lost mutation: Your flesh is heat resistant. (rF+) [Jiyva's
                  | grace]
 14500 | Orc:2    | Lost mutation: You are somewhat resistant to further
                  | mutation. [Jiyva's grace]
 14500 | Orc:2    | Lost mutation: You passively map a large area around you.
                  | [Jiyva's grace]
 14500 | Orc:2    | Lost mutation: You passively map the area around you.
                  | [Jiyva's grace]
 14500 | Orc:2    | Lost mutation: You expend magic power (3 MP) to strengthen
                  | your wands. [Jiyva's grace]
 14500 | Orc:2    | Gained mutation: You have hidden genetic potential.
                  | [Jiyva's grace]
 14500 | Orc:2    | Gained mutation: You have great hidden genetic potential.
                  | [Jiyva's grace]
 14500 | Orc:2    | Gained mutation: You are robust. (+10% HP) [Jiyva's grace]
 14500 | Orc:2    | Gained mutation: You are very robust. (+20% HP) [Jiyva's
                  | grace]
 14659 | Orc:2    | Noticed an orc warlord
 14746 | Orc:1    | Slimified an orc warlord
 14746 | Orc:1    | an orc warlord changed into an azure jelly
 14746 | Orc:1    | Noticed an azure jelly
 14809 | Orc:2    | Reached skill level 18 in Axes
 14882 | Orc:2    | Killed an orc warlord
 14883 | Orc:2    | Reached skill level 15 in Shields
 15070 | Orc:2    | Noticed Rupert
 15078 | Orc:2    | Found a staircase to the Elven Halls.
 15079 | Orc:2    | Slimified Rupert
 15079 | Orc:2    | Rupert changed into Rupert the acid blob
 15079 | Orc:2    | Noticed Rupert
 15199 | Orc:2    | Found Obydemi's Armour Shoppe.
 15328 | Orc:2    | Found Peunimp Eschi's Antique Armour Shoppe.
 15478 | Orc:2    | Noticed an orc warlord
 15490 | Orc:2    | Found Ethu Gyilowk's Antique Weapon Emporium.
 15494 | Orc:2    | Killed an orc warlord
 15501 | Orc:2    | Found Laufanuo's Antique Armour Shoppe.
 15597 | Orc:2    | Bought a runed cloak for 180 gold pieces
 15673 | Orc:1    | Bought a +4 ring of protection for 432 gold pieces
 15843 | D:12     | Noticed Jorgrun
 15860 | D:12     | Slimified Jorgrun
 15860 | D:12     | Jorgrun changed into Jorgrun the azure jelly
 15860 | D:12     | Noticed Jorgrun
 16415 | D:12     | Found a runed translucent gate.
 16415 | D:12     | Found a runed translucent gate.
 16415 | D:12     | Found a runed translucent gate.
 16416 | D:12     | Noticed RatherSlowDeath's ghost (journeyman GrEE)
 16465 | D:13     | You pick up a book of Flames and begin reading...
 16465 | D:13     | You add the spells Inner Flame, Sticky Flame and Flame Wave
                  | to your library.
 16826 | D:13     | Lost mutation: You passively map a small area around you.
                  | [Jiyva's grace]
 16826 | D:13     | Lost mutation: You are resistant to electric shocks.
                  | (rElec) [Jiyva's grace]
 16826 | D:13     | Gained mutation: You are resistant to electric shocks.
                  | (rElec) [Jiyva's grace]
 16826 | D:13     | Gained mutation: You have sharp toenails. [Jiyva's grace]
 16826 | D:13     | Gained mutation: You have razor-sharp toenails. [Jiyva's
                  | grace]
 16826 | D:13     | Gained mutation: You have claws for feet. [Jiyva's grace]
 17053 | D:13     | Reached skill level 13 in Fighting
 17084 | D:13     | Found a gate to the Vaults.
 17554 | D:14     | Reached XP level 16. HP: 150/157 MP: 19/19
 17825 | D:14     | You pick up a book of Displacement and begin reading...
 18005 | D:14     | Found a hazy altar of Hepliaklqana.
 18307 | D:15     | Entered Level 15 of the Dungeon
 18384 | D:15     | Reached skill level 19 in Axes
 18466 | D:15     | Found a staircase to the Depths.
 18554 | D:15     | Lost mutation: Your mind is very acute. (Int +8, Str/Dex
                  | -2) [Jiyva's grace]
 18554 | D:15     | Lost mutation: You are very robust. (+20% HP) [Jiyva's
                  | grace]
 18554 | D:15     | Lost mutation: Your translucent skin slightly reduces your
                  | foes' accuracy. (Stealth+) [Jiyva's grace]
 18554 | D:15     | Lost mutation: You have great hidden genetic potential.
                  | [Jiyva's grace]
 18554 | D:15     | Lost mutation: Your melee attacks may engulf your foes in
                  | ooze. [Jiyva's grace]
 18554 | D:15     | Gained mutation: You have a small jelly attached to you
                  | that may absorb projectiles. [Jiyva's grace]
 18554 | D:15     | Gained mutation: You are covered in slimy tendrils that may
                  | disarm your opponents. [Jiyva's grace]
 18554 | D:15     | Lost mutation: You have claws for feet. [Jiyva's grace]
 18554 | D:15     | Lost mutation: You have razor-sharp toenails. [Jiyva's
                  | grace]
 18554 | D:15     | Lost mutation: You have sharp toenails. [Jiyva's grace]
 18554 | D:15     | Gained mutation: You have large cloven feet. [Jiyva's
                  | grace]
 18554 | D:15     | Gained mutation: You have hoof-like feet. [Jiyva's grace]
 18891 | D:15     | Reached skill level 14 in Fighting
 18901 | D:15     | Gained mutation: You possess an exceptional clarity of
                  | mind. [hidden potential]
 19073 | Depths:1 | Entered Level 1 of the Depths
 19111 | Depths:1 | Noticed the Enchantress
 19111 | Depths:1 | The Enchantress is wielding a +0 lajatang of electrocution
                  | and wearing the +4 faerie dragon scales {Rampage Drain rN+
                  | Will++ rCorr}. A spriggan defender is wielding a +2 quick
                  | blade of venom. A spriggan defender is wielding a +1 rapier
                  | of draining. A spriggan defender is wielding a +4 quick
                  | blade of holy wrath. A spriggan air mage is wearing a +2
                  | robe of resistance. A spriggan rider is wielding a +2 spear
                  | of venom. The ettin is wielding a +0 great mace of
                  | protection and a +0 dire flail of protection.
 19112 | Depths:1 | Here: the Enchantress, wielding a +0 lajatang of
                  | electrocution and wearing the +4 faerie dragon scales
                  | {Rampage Drain rN+ Will++ rCorr} (repelling missiles)
 19113 | Depths:1 | Here: the Enchantress, wielding a +0 lajatang of
                  | electrocution and wearing the +4 faerie dragon scales
                  | {Rampage Drain rN+ Will++ rCorr} (lightly wounded,
                  | repelling missiles)
 19115 | Depths:1 | Aim: the Enchantress, wielding a +0 lajatang of
                  | electrocution and wearing the +4 faerie dragon scales
                  | {Rampage Drain rN+ Will++ rCorr} (heavily wounded,
                  | repelling missiles)
 19115 | Depths:1 | Aim: the Enchantress, wielding a +0 lajatang of
                  | electrocution and wearing the +4 faerie dragon scales
                  | {Rampage Drain rN+ Will++ rCorr} (heavily wounded,
                  | repelling missiles)
 19115 | Depths:1 | Aim: the Enchantress, wielding a +0 lajatang of
                  | electrocution and wearing the +4 faerie dragon scales
                  | {Rampage Drain rN+ Will++ rCorr} (heavily wounded,
                  | repelling missiles)
 19121 | Depths:1 | Killed the Enchantress
 19129 | Depths:1 | P - a +4 quick blade of holy wrath {shortrare=g}
 19132 | Depths:1 | Q - a +2 quick blade of venom {shortrare=g}
 19195 | Depths:1 | HP: 31/145 [iron troll (20)]
 19200 | Depths:1 | an iron troll changed into an acid blob
 19200 | Depths:1 | Noticed an acid blob
 19220 | Depths:1 | HP: 28/146 [deep troll (16)]
 19446 | Lair:1   | Reached skill level 1 in Dodging
 19506 | Snake:1  | Reached skill level 2 in Dodging
 19640 | Snake:1  | You pick up a book of Armaments and begin reading...
 19640 | Snake:1  | You add the spells Animate Armour and Lehudib's Crystal
                  | Spear to your library.
 19837 | Snake:1  | Reached skill level 3 in Dodging
 19934 | Snake:1  | Reached skill level 4 in Dodging
 20197 | Snake:1  | Reached skill level 5 in Dodging
 20744 | Snake:2  | Reached skill level 6 in Dodging
 20814 | Snake:2  | Reached XP level 17. HP: 146/154 MP: 20/20
 20822 | Snake:2  | Reached skill level 7 in Dodging
 21222 | Snake:2  | Found a snail-covered altar of Cheibriados.
 21239 | Snake:2  | Reached skill level 8 in Dodging
 21285 | Snake:2  | Lost mutation: You have hoof-like feet. [Jiyva's grace]
 21285 | Snake:2  | Lost mutation: You have large cloven feet. [Jiyva's grace]
 21285 | Snake:2  | Lost mutation: Your mind is acute. (Int +4, Str/Dex -1)
                  | [Jiyva's grace]
 21285 | Snake:2  | Lost mutation: You are covered in slimy tendrils that may
                  | disarm your opponents. [Jiyva's grace]
 21285 | Snake:2  | Gained mutation: Your flesh is very cold resistant. (rC++)
                  | [Jiyva's grace]
 21285 | Snake:2  | Gained mutation: Your flesh is almost immune to the effects
                  | of cold. (rC+++) [Jiyva's grace]
 21285 | Snake:2  | Gained mutation: You are agile. (Dex +4, Str/Int -1)
                  | [Jiyva's grace]
 21285 | Snake:2  | Gained mutation: You are very agile. (Dex +8, Str/Int -2)
                  | [Jiyva's grace]
 21413 | Snake:2  | Gained mutation: You passively map a small area around you.
                  | [hidden potential]
 21413 | Snake:2  | Lost mutation: You have hidden genetic potential. [hidden
                  | potential expressed]
 21792 | Snake:2  | Reached skill level 9 in Dodging
 22012 | Snake:3  | Found a frozen archway.
 22041 | IceCv    | Entered an ice cave
 22117 | IceCv    | Identified a +1 crystal plate armour of cold resistance
 22118 | IceCv    | T - a +1 crystal plate armour of cold resistance {rare=g}
 22184 | IceCv    | Reached skill level 10 in Dodging
 22373 | IceCv    | Reached skill level 11 in Dodging
 22502 | IceCv    | Noticed a shard shrike
 22524 | IceCv    | Killed a shard shrike
 22811 | Snake:3  | Reached skill level 12 in Dodging
 22812 | Snake:3  | Found Fixyengo's Jewellery Boutique.
 22824 | Snake:3  | Found Zaureh's Book Shop.
 22829 | Snake:3  | Found Dupsonapn's Assorted Antiques.
 22846 | Snake:3  | Reached XP level 18. HP: 126/161 MP: 21/21
 22854 | Snake:3  | Bought the +3 giant club "Skullcrusher" {speed, Str+7} for
                  | 1086 gold pieces
 22854 | Snake:3  | Found the +3 giant club "Skullcrusher" {speed, Str+7, mace}
 22856 | Snake:3  | You drop a +4 quick blade of holy wrath {shortrare=g}.
 22857 | Snake:3  | You drop a +2 quick blade of venom {shortrare=g}.
 22861 | Snake:3  | Q - a +2 quick blade of venom {shortrare=g}
 22861 | Snake:3  | P - a +4 quick blade of holy wrath {shortrare=g}
 23112 | Snake:3  | Noticed Kirke
 23120 | Snake:3  | Killed Kirke
 23121 | Snake:3  | Reached skill level 13 in Dodging
 23472 | Snake:4  | Entered Level 4 of the Snake Pit
 23513 | Snake:4  | Found Muttoj's Book Shoppe.
 23514 | Snake:4  | Found Netidam's Jewellery Shop.
 23516 | Snake:4  | Found Jiatup's Book Shoppe.
 23646 | Snake:4  | Reached skill level 10 in Armour
 23679 | Snake:4  | Reached skill level 11 in Armour
 23787 | Snake:4  | Gained mutation: You occasionally lose the ability to drink
                  | potions when taking damage. [mutagenic glow]
 23812 | Snake:4  | Lost mutation: Your flesh is almost immune to the effects
                  | of cold. (rC+++) [Jiyva's grace]
 23812 | Snake:4  | Lost mutation: You are resistant to electric shocks.
                  | (rElec) [Jiyva's grace]
 23812 | Snake:4  | Lost mutation: You have a small jelly attached to you that
                  | may absorb projectiles. [Jiyva's grace]
 23812 | Snake:4  | Lost mutation: You occasionally lose the ability to drink
                  | potions when taking damage. [Jiyva's grace]
 23812 | Snake:4  | Gained mutation: Your melee attacks may engulf your foes in
                  | ooze. [Jiyva's grace]
 23812 | Snake:4  | Gained mutation: You have a small jelly attached to you
                  | that may absorb projectiles. [Jiyva's grace]
 23812 | Snake:4  | Gained mutation: Your spells are a little harder to cast,
                  | but a little more powerful. [Jiyva's grace]
 23812 | Snake:4  | Gained mutation: Your spells are harder to cast, but more
                  | powerful. [Jiyva's grace]
 24172 | Snake:4  | HP: 40/161 [poisoned by naga warrior (concentrated venom)]
 24177 | Snake:4  | HP: 25/161 [poisoned by naga warrior (concentrated venom)]
 24182 | Snake:4  | HP: 29/161 [poisoned by naga warrior (concentrated venom)]
 24298 | Snake:4  | Reached skill level 20 in Axes
 24299 | Snake:4  | HP: 35/161 [cloud of flame (7)]
 24300 | Snake:4  | HP: 17/161 [cloud of flame (7)]
 24301 | Snake:4  | Reached XP level 19. HP: 9/168 MP: 22/22
 24345 | Snake:4  | Got a serpentine rune of Zot
 24663 | Snake:4  | Noticed Roxanne
 25110 | Vaults:1 | Entered Level 1 of the Vaults
 25143 | Vaults:1 | Reached skill level 1 in Translocations
 25170 | Vaults:1 | Reached skill level 2 in Translocations
 25217 | Vaults:1 | Reached skill level 15 in Fighting
 25676 | Vaults:1 | Reached skill level 16 in Fighting
 25983 | Vaults:1 | Reached skill level 17 in Fighting
 26196 | Vaults:2 | Found a transporter.
 26200 | Vaults:2 | Found the ring of the Mage {Wiz Archmagi}
 26226 | Vaults:2 | Noticed Fypuno Aqar's ghost (adept DEFE)
 26235 | Vaults:2 | Found a transporter.
 26254 | Vaults:2 | Noticed a hellephant
 26562 | Vaults:2 | Reached skill level 18 in Fighting
 26572 | Vaults:2 | Reached XP level 20. HP: 156/187 MP: 23/23
 26730 | Vaults:2 | Lost mutation: You are very agile. (Dex +8, Str/Int -2)
                  | [Jiyva's grace]
 26730 | Vaults:2 | Lost mutation: You are agile. (Dex +4, Str/Int -1) [Jiyva's
                  | grace]
 26730 | Vaults:2 | Lost mutation: Your flesh is very cold resistant. (rC++)
                  | [Jiyva's grace]
 26730 | Vaults:2 | Lost mutation: You passively map a small area around you.
                  | [Jiyva's grace]
 26730 | Vaults:2 | Lost mutation: You are robust. (+10% HP) [Jiyva's grace]
 26730 | Vaults:2 | Gained mutation: Your muscles are strong. (Str +4, Int/Dex
                  | -1) [Jiyva's grace]
 26730 | Vaults:2 | Gained mutation: Your muscles are very strong. (Str +8,
                  | Int/Dex -2) [Jiyva's grace]
 26730 | Vaults:2 | Gained mutation: You have a small jelly attached to you
                  | that senses nearby items. [Jiyva's grace]
 26730 | Vaults:2 | Gained mutation: You have an increased reservoir of magic.
                  | (+10% MP) [Jiyva's grace]
 26791 | Vaults:2 | Found a portal to a secret trove of treasure.
 26804 | Vaults:2 | This trove needs a +4 demon whip to function. Give it the
                  | item?
 27017 | Vaults:2 | Reached skill level 19 in Fighting
 27084 | Vaults:2 | You pick up a book of Chaos and begin reading...
 27084 | Vaults:2 | You add the spells Conjure Ball Lightning, Disjunction and
                  | Discord to your library.
 27286 | Vaults:2 | Noticed Margery
 27298 | Vaults:2 | Slimified Margery
 27298 | Vaults:2 | Margery changed into Margery the azure jelly
 27298 | Vaults:2 | Noticed Margery
 27496 | Vaults:3 | HP: 36/174 [cyan very ugly thing (26)]
 27682 | Vaults:3 | Identified 3 scrolls of acquirement
 27689 | Vaults:2 | Acquired a manual of Armour
 27691 | Vaults:2 | Acquired the +10 crystal plate armour of Weightlessness
                  | {rPois}
 27692 | Vaults:2 | R - the +10 crystal plate armour of Weightlessness {rPois,
                  | rare=g}
 27693 | Vaults:2 | Acquired 447 gold pieces
 27705 | Vaults:2 | You finish putting on the +10 crystal plate armour of
                  | Weightlessness {rPois, rare=g}.
 27720 | Vaults:3 | Found a staircase to the Crypt.
 27720 | Vaults:3 | Found a basalt altar of Yredelemnul.
 27721 | Vaults:3 | Found an ancient bone altar of Kikubaaqudgha.
 27742 | Vaults:3 | Reached skill level 12 in Armour
 27898 | Vaults:3 | Reached skill level 13 in Armour
 27973 | Vaults:3 | HP: 35/163 [ironbound frostheart (9)]
 27973 | Vaults:3 | HP: 14/163 [orc knight/+3 battleaxe (21)]
 27974 | Vaults:3 | Mangled by an orc warlord

Vanquished Creatures
  A shard shrike (IceCv)
  the Enchantress (Depths:1)
  Gastronok (D:9)
  Kirke (Snake:3)
  A nagaraja (Snake:4)
  6 vault wardens
  8 ironbound preservers
  2 stone giants (Vaults:2)
  An orc warlord (Orc:2)
  A war gargoyle (Vaults:1)
  3 spriggan defenders (Depths:1)
  A very ugly thing (D:15)
  4 ironbound thunderhulks
  A deep elf demonologist (Vaults:2)
  7 dire elephants
  A white draconian (IceCv)
  The ghost of Athor the Marksant, a journeyman FoHu of Okawaru (Lair:3)
  2 ettins
  6 yaktaur captains
  A fire dragon (Depths:1)
  2 entropy weavers (Vaults:2)
  2 spriggan air magi (Depths:1)
  Harold (D:10)
  4 vault guards
  3 salamander tyrants
  2 catoblepae
  4 hydras
  An ice dragon (IceCv)
  7 boulder beetles
  13 ironbound frosthearts
  A peacekeeper (Vaults:2)
  23 anacondas
  9 centaur warriors
  18 naga warriors
  6 death yaks
  4 two-headed ogres
  7 naga sharpshooters
  4 hell knights (Vaults:2)
  An orc high priest (Orc:2)
  A spriggan berserker (Depths:1)
  2 thrashing horrors (Lair:5)
  11 shock serpents
  6 salamander mystics
  17 deep trolls
  8 ironbound convokers
  An orange crystal statue (IceCv)
  12 naga ritualists
  9 orc knights
  2 necromancers
  An obsidian statue (Vaults:1)
  A bog body (Lair:3)
  5 lindwurms
  A harpy (shapeshifter) (Lair:5)
  6 wizards
  10 mana vipers
  A deep elf pyromancer (D:12)
  41 ugly things
  3 manticores
  17 salamanders
  5 cyclopes
  50 black mambas
  A gargoyle (D:11)
  8 guardian serpents
  An unseen horror (D:11)
  11 naga magi
  5 elephants
  2 ice statues (Snake:3)
  7 vault sentinels
  2 smoke demons (Lair:5)
  A torpor snail (Lair:1)
  7 komodo dragons
  6 cane toads
  A kobold demonologist (D:12)
  9 yaktaurs
  A freezing wraith (D:15)
  17 rime drakes
  3 tengu conjurers (D:14)
  2 guardian mummies (Vaults:2)
  2 ancient zymes (Lair:5)
  8 trolls
  A wind drake (shapeshifter) (D:14)
  23 polar bears
  A queen bee (Lair:2)
  10 hornets
  A tarantella (shapeshifter) (D:14)
  28 blink frogs
  9 dream sheep
  A shadow (D:11)
  2 large abominations (Lair:5)
  2 ynoxinuls (Lair:5)
  4 wraiths
  4 spriggans
  50 yaks
  3 vampires
  8 humans (D:13)
  7 wyverns
  11 basilisks
  A chaos spawn (Lair:5)
  2 redbacks (Vaults:2)
  9 vampire mosquitoes
  A steam dragon (Lair:2)
  2 hogs (Snake:3)
  A death yak simulacrum (Lair:3)
  5 wargs
  27 nagas
  11 water moccasins
  11 small abominations (Lair:5)
  2 black bears (D:4)
  A sky beast (D:6)
  7 ogres
  34 orc warriors
  6 ice beasts (Lair:3)
  A deep troll simulacrum (Vaults:1)
  A black mamba simulacrum (Lair:3)
  14 wolves
  A centaur (D:7)
  7 bullfrogs
  3 kobold brigands (D:9)
  2 scorpions (D:6)
  10 gnoll sergeants
  2 necrophages
  An elephant simulacrum (Lair:3)
  3 blink frog simulacra (Lair:3)
  37 killer bees
  An electric eel (Lair:4)
  A torpor snail simulacrum (Lair:3)
  23 orc priests
  7 hounds
  7 gnoll boudas
  4 iguanas
  24 orc wizards
  7 hell rats (Lair:2)
  A polar bear simulacrum (Lair:3)
  2 river rats (Lair:2)
  6 adders
  32 gnolls
  2 white imps
  2 ufetubi
  A worm (D:4)
  A dart slug (D:1)
  97 orcs
  11 ball pythons
  3 bats (D:1)
  2 endoplasms (D:1)
  4 giant cockroaches
  4 goblins
  4 hobgoblins
  2 quokkas
  2 frilled lizards
  18 kobolds
  4 rats
1105 creatures vanquished.

Vanquished Creatures (collateral kills)
  An orc warlord (Orc:2)
  A hydra (Lair:5)
  A chaos spawn (Lair:5)
  An ogre (D:7)
4 creatures vanquished.

Vanquished Creatures (others)
  A vault warden (Vaults:3)
  An ironbound preserver (Vaults:1)
  3 very ugly things
  An ironbound thunderhulk (Vaults:1)
  A crystal guardian (Vaults:1)
  3 great orbs of eyes
  2 vault guards
  A centaur warrior (Vaults:1)
  A glowing orange brain (Vaults:2)
  A glowing orange brain (shapeshifter) (Vaults:2)
  A swamp dragon (shapeshifter) (Vaults:2)
  2 ironbound convokers (Vaults:3)
  2 wizards (Vaults:2)
  A lindwurm (shapeshifter) (Vaults:2)
  2 lindwurms (Vaults:2)
  4 ugly things
  3 vault sentinels
  A yaktaur (Vaults:3)
  A troll (Orc:1)
  A meliai (shapeshifter) (Vaults:2)
  A dream sheep (Lair:4)
  A blink frog (Lair:5)
  4 yaks (D:10)
  42 slime creatures
  A shadow (D:10)
  A warg (Orc:2)
  A naga (Snake:1)
  A floating eye (shapeshifter) (Vaults:2)
  A water moccasin (D:6)
  An orc warrior (Orc:2)
  3 ogres
  A centaur (D:10)
  A bullfrog (Lair:4)
  A kobold brigand (D:8)
  A gnoll sergeant (D:10)
  2 killer bees
  A howler monkey (D:10)
  A hound (D:6)
  115 jellies
  5 orc priests
  An iguana (D:4)
  4 orc wizards
  A gnoll (D:10)
  4 adders
  3 worms
  A dart slug (D:4)
  17 orcs
  3 endoplasms
  3 giant cockroaches
  2 goblins
  3 hobgoblins
  6 jackals
  10 kobolds
  3 ball pythons (D:2)
  A bat (D:2)
  3 frilled lizards (D:2)
  2 rats
  A butterfly (Lair:3)
  70 fungi
  A lurking horror (Orc:1)
  108 plants
  5 toadstools (D:3)
470 creatures vanquished.

Grand Total: 1579 creatures vanquished

Table legend:
 A = Non-vault XP
 B = Vault XP
 C = Vault XP percentage of total XP
 D = Non-vault monster count
 E = Vault monster count
 F = Vault count percentage of total count
                 A         B        C        D         E       F
            +---------+---------+-------+---------+---------+-------
      Total |  216424 |  161935 |  42.8 |     653 |     472 |  42.0
            +---------+---------+-------+---------+---------+-------
        D:1 |      38 |       0 |   0.0 |      23 |       0 |   0.0
        D:2 |      23 |       0 |   0.0 |       8 |       0 |   0.0
        D:3 |      21 |      13 |  38.2 |      10 |       1 |   9.1
        D:4 |     687 |       0 |   0.0 |      22 |       0 |   0.0
        D:5 |     515 |       0 |   0.0 |      12 |       0 |   0.0
        D:6 |     501 |       0 |   0.0 |      13 |       0 |   0.0
        D:7 |     729 |      93 |  11.3 |      14 |       6 |  30.0
        D:8 |    1653 |       0 |   0.0 |      18 |       0 |   0.0
        D:9 |    3540 |    2023 |  36.4 |      31 |       4 |  11.4
       D:10 |    4303 |    2197 |  33.8 |      15 |      19 |  55.9
       D:11 |    4358 |    1422 |  24.6 |      11 |      24 |  68.6
       D:12 |    4006 |       0 |   0.0 |      17 |       0 |   0.0
       D:13 |    4345 |    3183 |  42.3 |       7 |      10 |  58.8
       D:14 |    7295 |       0 |   0.0 |      20 |       0 |   0.0
       D:15 |    6500 |    1591 |  19.7 |      15 |       2 |  11.8
     Lair:1 |    4220 |    2277 |  35.0 |      11 |       8 |  42.1
     Lair:2 |    3803 |    6077 |  61.5 |      18 |      51 |  73.9
     Lair:3 |    6761 |    5345 |  44.2 |      29 |      24 |  45.3
     Lair:4 |    4901 |     494 |   9.2 |      17 |       1 |   5.6
     Lair:5 |   14686 |   10497 |  41.7 |      42 |      38 |  47.5
    Snake:1 |   12193 |       0 |   0.0 |      23 |       0 |   0.0
    Snake:2 |   19378 |    6386 |  24.8 |      38 |      12 |  24.0
    Snake:3 |   23340 |    2281 |   8.9 |      41 |       5 |  10.9
    Snake:4 |   23200 |   30494 |  56.8 |      44 |      46 |  51.1
      Orc:1 |    3538 |       0 |   0.0 |      45 |       0 |   0.0
      Orc:2 |    2850 |    4916 |  63.3 |      27 |      60 |  69.0
   Vaults:1 |   28386 |   11151 |  28.2 |      35 |      19 |  35.2
   Vaults:2 |   15033 |   29098 |  65.9 |      24 |      35 |  59.3
   Vaults:3 |   13529 |    4832 |  26.3 |      19 |       8 |  29.6
   Depths:1 |    2092 |    8478 |  80.2 |       4 |       9 |  69.2
     Bailey |       0 |    1652 | 100.0 |       0 |      35 | 100.0
      IceCv |       0 |   27435 | 100.0 |       0 |      55 | 100.0
            +---------+---------+-------+---------+---------+-------

Illustrated notes

Table legend:
 A = Kills in this place as a percentage of kills in entire the game.
 B = Kills by you in this place as a percentage of kills by you in the entire game.
 C = Kills by friends in this place as a percentage of kills by friends in the entire game.
 D = Other kills in this place as a percentage of other kills in the entire game.
 E = Experience gained in this place as a percentage of experience gained in the entire game.
 F = Experience gained in this place divided by the number of levels of this place that you have seen.
                   A       B       C       D       E      F
               +-------+-------+-------+-------+-------+----------------------
         Total | 100.0 | 100.0 | 100.0 | 100.0 | 100.0 | 10225.9
       Dungeon |  26.8 |  26.4 |  25.0 |  52.9 |  13.0 | 3269.1
          Lair |  21.2 |  21.5 |  50.0 |   0.0 |  15.6 | 11812.2
     Snake Pit |  18.6 |  18.9 |   0.0 |   0.0 |  31.0 | 29318.0
  Orcish Mines |  11.7 |  11.5 |  25.0 |  23.5 |   3.0 | 5652.0
        Vaults |  12.4 |  12.4 |   0.0 |  17.6 |  27.0 | 34009.7
        Depths |   1.2 |   1.1 |   0.0 |   5.9 |   2.8 | 10570.0
        Bailey |   3.1 |   3.2 |   0.0 |   0.0 |   0.4 | 1652.0
      Ice Cave |   4.9 |   5.0 |   0.0 |   0.0 |   7.3 | 27435.0
               +-------+-------+-------+-------+-------+----------------------

Table legend: (Time is in decaauts)
 A = Elapsed time spent in this place.
 B = Non-inter-level travel time spent in this place.
 C = Inter-level travel time spent in this place.
 D = Time resting spent in this place.
 E = Time spent auto-exploring this place.
 F = Levels seen in this place.
 G = Mean time per level.
                   A        B        C        D        E       F      G
               +--------+--------+--------+--------+--------+-----+--------+
         Total |  27708 |  25951 |   1757 |   1122 |  18175 |  37 |  748.9 |
       Dungeon |  12436 |  11535 |    901 |    339 |   8797 |  15 |  829.1 |
          Lair |   4825 |   4513 |    312 |    127 |   3052 |   5 |  965.0 |
     Snake Pit |   4564 |   4403 |    161 |    240 |   3158 |   4 | 1141.0 |
    Slime Pits |    256 |    188 |     68 |      0 |     64 |   5 |   51.2 |
  Orcish Mines |   1700 |   1465 |    235 |    193 |    794 |   2 |  850.0 |
        Vaults |   2767 |   2689 |     78 |    184 |   1753 |   3 |  922.3 |
        Depths |    133 |    133 |      0 |      0 |     46 |   1 |  133.0 |
        Bailey |    314 |    314 |      0 |     36 |    102 |   1 |  314.0 |
      Ice Cave |    709 |    709 |      0 |      3 |    408 |   1 |  709.0 |
               +--------+--------+--------+--------+--------+-----+--------+

Top non-repeatable levels by time:
 Snake:4: 1369 daAuts
Vaults:2: 1342 daAuts
 Snake:2: 1259 daAuts
 Snake:1: 1189 daAuts
    D:13: 1053 daAuts
  Lair:5: 1040 daAuts
  Lair:2: 1021 daAuts
Vaults:1: 1011 daAuts
    D:10: 993 daAuts
  Lair:1: 992 daAuts
     D:8: 985 daAuts
     D:4: 974 daAuts
  Lair:4: 921 daAuts
    D:14: 920 daAuts
   Orc:1: 908 daAuts
